 Dungeon Crawl Stone Soup version 0.29.1-1-gd02db6906a (webtiles) character file.

Game seed: 15135326969637428235

1741 Earthwalker the Spear-Bearer (level 8, -1/67 (71) HPs)
             Began as a Minotaur Fighter on Oct 8, 2022.
             Was an Initiate of Gozag.
             Slain by a wight
             ... wielding a +0 trident
              (5 damage)
             ... on level 6 of the Dungeon.
             The game lasted 00:26:02 (5744 turns).

Earthwalker the Spear-Bearer (Minotaur Fighter)     Turns: 5744, Time: 00:26:02

HP:   -1/67 (71)    AC: 11    Str: 21    XL:     8   Next: 77%
MP:   0/7           EV: 10    Int:  5    God:    Gozag
Gold: 330           SH:  5    Dex: 12    Spells: 7/7 levels left

rFire   . . .      SeeInvis .   z - +0 spear
rCold   . . .      Faith    .   c - +0 buckler
rNeg    . . .      Spirit   +   b - +0 scale mail
rPois   .          Reflect  .   (helmet restricted)
rElec   .          Harm     .   j - +0 cloak
rCorr   .          Rampage  .   y - +0 pair of gloves
Will    .....                   t - +0 pair of boots
Stlth   +.........              k - amulet of guardian spirit
HPRegen 0.21/turn               (no ring)
MPRegen 0.10/turn               (no ring)

@: gold aura, drained
A: horns 2, retaliatory headbutt
a: Renounce Religion, Potion Petition, Call Merchant, Bribe Branch


You were on level 6 of the Dungeon.
You worshipped Gozag.
Gozag was aware of your devotion.
You visited 1 branch of the dungeon, and saw 6 of its levels.

You collected 430 gold pieces.
You paid 100 gold pieces to Gozag.

Inventory:

Hand Weapons
 a - a +0 vorpal trident
 z - a +0 spear (weapon)
Missiles
 g - 4 atropa-tipped darts (quivered)
Armour
 b - a +0 scale mail (worn)
 c - a +0 buckler (worn)
 j - a +0 cloak (worn)
 t - a +0 pair of boots (worn)
 x - a scarf of harm
 y - a +0 pair of gloves (worn)
Jewellery
 k - an amulet of guardian spirit (around neck)
 v - a ring of fire
Wands
 m - a wand of mindburst (19)
 w - a wand of paralysis (3)
Scrolls
 i - 3 scrolls of identify
 o - 2 scrolls of vulnerability
 p - 2 scrolls of teleportation
 r - 3 scrolls of silence
 s - a scroll of amnesia
 A - a scroll of immolation
Potions
 d - 2 potions of might
 e - 2 potions of mutation
 f - 2 potions of brilliance
 h - a potion of lignification
 l - 2 potions of resistance
 n - a potion of degeneration
 q - a potion of flight {unknown}
 u - a potion of cancellation


   Skills:
 * Level 6.5 Fighting
 * Level 8.2 Polearms
 * Level 7.1 Armour
 * Level 3.3 Dodging
 * Level 2.8 Stealth
 * Level 5.8 Shields


You had 7 spell levels left.
You didn't know any spells.
Your spell library contained the following spells:

 Spells                   Type           Power      Damage    Failure   Level
 Magic Dart               Conj           0%         1d3       86%         1
 Call Imp                 Summ           0%         N/A       95%         2
 Ensorcelled Hibernation  Hex/Ice        0%         N/A       95%         2
 Passwall                 Tmut/Erth      0%         N/A       95%         2
 Scorch                   Fire           0%         2d5       95%         2
 Gell's Gravitas          Tloc           0%         N/A       99%         3
 Lesser Beckoning         Tloc           0%         N/A       99%         3
 Mephitic Cloud           Conj/Pois/Air  0%         N/A       99%         3
 Ozocubu's Armour         Ice            0%         N/A       99%         3
 Swiftness                Air            0%         N/A       99%         3
 Teleport Other           Tloc           0%         N/A       99%         3
 Flame Wave               Conj/Fire      0%         2d4       100%        4
 Summon Cactus Giant      Summ           0%         N/A       100%        6
 Ozocubu's Refrigeration  Ice            0%         4d7       100%        7


Dungeon Overview and Level Annotations

Branches:
Dungeon (6/15)             Temple (0/1) D:6

Altars:
Dithmenos
Elyvilon
Gozag
Kikubaaqudgha
Ru
Uskayaw
Zin
The Shining One

Shops:
D:4 [


Innate Abilities, Weirdness & Mutations

You have a pair of horns on your head.
You reflexively headbutt those who attack you in melee.


Message History

* * * LOW HITPOINT WARNING * * *
You block the wight's attack.
You hit the wight. Your headbutt misses the wight.
The wight is severely damaged.
You hit the wight.
The wight is almost destroyed.
The wight hits you with a +0 falchion.
* * * LOW HITPOINT WARNING * * *
You feel drained. You block the wight's attack.
You hit the wight.
You destroy the wight!
The wight hits you from afar with a +0 trident.
* * * LOW HITPOINT WARNING * * *
You feel drained.
* * * LOW HITPOINT WARNING * * *
Reach: z) +0 spear
Press: ? - help, Dir - move target, f - wight
Aim: a wight, wielding a +0 trident and wearing a +0 robe (about 33% to evade your +0 spear)
You reach to attack!
You closely miss the wight.
Unknown command.
Reach: z) +0 spear
Press: ? - help, Dir - move target, f/p - wight
Aim: a wight, wielding a +0 trident and wearing a +0 robe (about 33% to evade your +0 spear)
You reach to attack!
You hit the wight but do no damage. The wight barely misses you.
Reach: z) +0 spear
Press: ? - help, Dir - move target, f/p - wight
Aim: a wight, wielding a +0 trident and wearing a +0 robe (about 33% to evade your +0 spear)
You reach to attack!
You hit the wight.
The wight is moderately damaged.
The wight closely misses you. You block the wight's attack.
Things that are here:
6 gold pieces; a +0 falchion; a +0 robe You hit the wight.
You headbutt the wight, but do no damage.
The wight is severely damaged.
The wight hits you with a +0 trident.
You die...
Your body crumbles into a pile of gold.

##..........#
#.....
##.#####.#.#
#.....
#.......#<..
#..#..
###.#########
#..... #.#
##)#.. #.#
#.... #.#
#####.# #.###
#.####......#
#.# #
#...@z......#
#.# #
######.####.#
#.# # #.# ..#
# #.# #.# #
#.# ..# # #.#
### # #.# #.#
#.# #<# #.#


You could see a wight.

Vanquished Creatures
  An orc warrior (D:6)
  3 black bears
  2 ice beasts (D:5)
  4 ogres
  A kobold brigand (D:6)
  A necrophage (D:4)
  4 wights (D:6)
  3 hounds
  A gnoll bouda (D:6)
  An iguana (D:5)
  3 orc wizards
  8 gnolls (D:6)
  10 adders
  An ufetubus (D:5)
  5 dart slugs
  4 worms
  14 orcs
  6 ball pythons
  4 bats
  13 endoplasms
  3 giant cockroaches
  9 goblins
  8 hobgoblins
  19 kobolds
  7 quokkas
  5 frilled lizards
  6 rats
146 creatures vanquished.

Notes
Turn   | Place    | Note
-------+----------+-------------------------------------------
     0 | D:1      | Earthwalker the Minotaur Fighter began the quest for the
                  | Orb.
     0 | D:1      | Reached XP level 1. HP: 19/19 MP: 0/0
    79 | D:1      | Reached XP level 2. HP: 27/27 MP: 1/1
   397 | D:1      | Reached XP level 3. HP: 33/33 MP: 2/2
   841 | D:2      | Reached skill level 3 in Polearms
   843 | D:2      | Reached XP level 4. HP: 39/40 MP: 3/3
  1121 | D:2      | Found a faded altar of an unknown god.
  1406 | D:3      | Noticed a +0 hand axe
  1409 | D:3      | Noticed a +0 hand axe
  1410 | D:3      | Found a hide-covered altar of Uskayaw.
  1651 | D:3      | Reached XP level 5. HP: 47/47 MP: 4/4
  1900 | D:4      | Found a sacrificial altar of Ru.
  1912 | D:4      | Reached skill level 1 in Dodging
  1999 | D:4      | Reached skill level 4 in Polearms
  2066 | D:4      | Noticed an ogre
  2075 | D:4      | Killed an ogre
  2076 | D:4      | Reached skill level 1 in Stealth
  2076 | D:4      | Reached XP level 6. HP: 21/55 MP: 1/5
  2372 | D:4      | Reached skill level 5 in Polearms
  2372 | D:4      | Reached skill level 5 in Armour
  2412 | D:4      | Reached skill level 5 in Fighting
  2418 | D:4      | Found Owicom's Antique Armour Boutique.
  2431 | D:4      | Found an ancient bone altar of Kikubaaqudgha.
  2559 | D:4      | Reached XP level 7. HP: 59/61 MP: 6/6
  2925 | D:5      | Entered Level 5 of the Dungeon
  2995 | D:5      | Reached skill level 5 in Shields
  3184 | D:5      | Reached skill level 6 in Polearms
  3712 | D:5      | Found an opulent altar of Gozag.
  3790 | D:5      | Reached skill level 7 in Polearms
  3790 | D:5      | Reached XP level 8. HP: 70/70 MP: 7/7
  4397 | D:6      | HP: 3/70 [gnoll/+0 club[a gnoll bouda] (2)]
  4398 | D:6      | HP: 1/70 [gnoll/+0 club[a gnoll bouda] (2)]
  5027 | D:5      | Became a worshipper of Gozag Ym Sagoz the Greedy
  5057 | D:6      | Found a glowing golden altar of the Shining One.
  5057 | D:6      | Found a glowing silver altar of Zin.
  5057 | D:6      | Found a white marble altar of Elyvilon.
  5415 | D:6      | Found a staircase to the Ecumenical Temple.
  5559 | D:6      | Found a shadowy altar of Dithmenos.
  5720 | D:6      | Reached skill level 8 in Polearms
  5739 | D:6      | HP: 3/65 [wight/+0 trident (1)]
  5744 | D:6      | Slain by a wight

Illustrated notes

Levels and vault maps discovered:
D:1:      dpeg_arrival_pits, layout_loops_cross, nrook_uturn
D:2:      layout_rooms, hellmonk_ecumenical_altar_lost_god, grunt_ministairs_10,
          minmay_tromino_v4_a
D:3:      layout_rooms, dancing_weapons_uskayaw
D:4:      layout_cave_pods, mainiacjoe_overflow_catch_the_wave, serial_shops,
          nicolae_square_shop
D:5:      layout_loops_corners, grunt_gozag_statues, minmay_misc_feat_nine_boxes
D:6:      layout_loops_ring, dreamdust_divine_triumvirate,
          fedhas_altar_fruit_tree, mainiacjoe_overflow_small_starburst,
          minmay_temple_entry_from_below_a

Skill      XL: |  1  2  3  4  5  6  7  8 |
---------------+-------------------------+-----
Shields        | 4 5 |  5.8
Fighting       | 4 5 6 |  6.5
Armour         | 4 5 6 7 |  7.1
Polearms       | 3 4 5 7 8 |  8.2
Dodging        | 1 2 3 |  3.3
Stealth        | 1 2 |  2.8

Action                   |  1- 3 |  4- 6 |  7- 9 || total
-------------------------+-------+-------+-------++-------
Melee: Trident           |    79 |   127 |   123 ||   329
       Headbutt          |     5 |    15 |    39 ||    59
       Spear             |       |       |   102 ||   102
  Use: Scroll            |     2 |     6 |     8 ||    16
Armor: Scale mail        |    35 |    39 |    58 ||   132
Dodge: Dodged            |    25 |    47 |    85 ||   157
Block: Buckler           |     9 |    13 |    49 ||    71
